 Dungeon Crawl Stone Soup version 0.21.1-1-g345015f (webtiles) character file.

242 infcreate the Shield-Bearer (level 5, -9/47 HPs)
             Began as a Minotaur Fighter on May 19, 2018.
             Mangled by an orc warrior
             ... wielding a +0 glaive
              (13 damage)
             ... on level 4 of the Dungeon.
             The game lasted 00:11:48 (1619 turns).

infcreate the Shield-Bearer (Minotaur Fighter)      Turns: 1619, Time: 00:11:48

Health: -9/47      AC: 14    Str: 22    XL:     5   Next: 81%
Magic:  4/4        EV:  5    Int:  5    God:
Gold:   107        SH:  9    Dex:  9    Spells: 4/4 levels left

rFire    . . .     SeeInvis .   a - +0 war axe
rCold    . . .     Gourm    .   c - +0 shield
rNeg     . . .     Faith    .   x - +0 plate armour
rPois    .         Spirit   .   (helmet restricted)
rElec    .         Reflect  .   q - +0 cloak (curse)
rCorr    .         Harm     .   w - +0 pair of gloves
MR       .....                  (no boots)
Stlth    ..........             (no amulet)
HPRegen  0.15/turn              (no ring)
MPRegen  0.09/turn              (no ring)

@: no status effects
A: retaliatory headbutt, horns 2
a: no special abilities


You were on level 4 of the Dungeon.
You were hungry.

You visited 1 branch of the dungeon, and saw 4 of its levels.

You collected 107 gold pieces.

Inventory:

Hand Weapons
 a - a +0 war axe (weapon)
Armour
 c - a +0 shield (worn)
 q - a cursed +0 cloak (worn)
 w - a +0 pair of gloves (worn)
 x - a +0 plate armour (worn)
Jewellery
 e - an uncursed ring of stealth {unknown}
 l - an uncursed amulet of faith {unknown}
 n - an uncursed ring of see invisible {unknown}
 o - a cursed ring of loudness {unknown}
 p - an uncursed ring of poison resistance {unknown}
Scrolls
 g - 3 scrolls of teleportation {unknown}
 i - a scroll of noise {unknown}
 k - a scroll of enchant weapon {unknown}
 m - 3 scrolls of remove curse {unknown}
 s - a scroll of identify {unknown}
 t - 2 scrolls of random uselessness {unknown}
 u - a scroll of blinking {unknown}
 v - 2 scrolls of amnesia {unknown}
Potions
 d - a potion of might
 h - a potion of brilliance {unknown}
 j - 2 potions of curing {unknown}
 r - a potion of heal wounds {unknown}
Comestibles
 f - 5 rations


   Skills:
 + Level 4.5 Fighting
 + Level 4.7 Axes
 + Level 4.5 Armour
 + Level 2.0 Dodging
 + Level 4.8 Shields


You had 4 spell levels left.
You didn't know any spells.

Dungeon Overview and Level Annotations

Branches:
Dungeon (4/15)
 Temple: D:4-7

Altars:
Hepliaklqana
Uskayaw
Vehumet


Innate Abilities, Weirdness & Mutations

You reflexively headbutt those who attack you in melee.
You have a pair of horns on your head.


Message History

You furiously retaliate!
You headbutt the orc warrior, but do no damage.
The orc hits you from afar with a trident.
You closely miss the orc warrior.
The orc warrior is lightly wounded.
The orc warrior hits you with a glaive. You block the orc's attack.
The orc warrior hits you with a glaive!
* * * LOW HITPOINT WARNING * * *
You closely miss the orc warrior. You headbutt the orc warrior!
The orc warrior is heavily wounded.
The orc hits you but does no damage. The orc warrior barely misses you.
You furiously retaliate!
You headbutt the orc warrior, but do no damage.
You closely miss the orc warrior. You headbutt the orc warrior!
The orc warrior is severely wounded.
The orc hits you but does no damage. You block the orc warrior's attack.
You barely miss the orc warrior.
The orc warrior is severely wounded.
The orc barely misses you. The orc warrior hits you with a glaive!
You die...

.. .## ### .. ..
.... #. .##..##
#.####.......
#............
#............
#..).<.......
#.#..).........
#....@.........
#...oo###.......
#..... .....%.
#..... .......
#..... .......
#..... ###+#..
#..... #.....


You could see an orc warrior and an orc.

Vanquished Creatures
  An orc priest (D:4)
  An orc wizard (D:4)
  3 gnolls (D:2)
  7 adders
  2 worms
  A dart slug (D:1)
  2 leopard geckos
  11 orcs
  9 bats
  A giant cockroach (D:3)
  9 goblins
  10 hobgoblins
  A quokka (D:2)
  4 frilled lizards
  7 kobolds
  8 rats
77 creatures vanquished.

Notes
Turn   | Place    | Note
-------+----------+-------------------------------------------
     0 | D:1      | infcreate the Minotaur Fighter began the quest for the Orb.
     0 | D:1      | Reached XP level 1. HP: 19/19 MP: 0/0
   171 | D:1      | Reached XP level 2. HP: 26/27 MP: 1/1
   559 | D:2      | Reached XP level 3. HP: 33/33 MP: 2/2
   580 | D:2      | Reached skill level 1 in Dodging
   663 | D:2      | Reached XP level 4. HP: 40/40 MP: 3/3
   672 | D:2      | Found a hazy altar of Hepliaklqana.
   683 | D:2      | Found a radiant altar of Vehumet.
   744 | D:2      | Found a hide-covered altar of Uskayaw.
  1056 | D:3      | Reached XP level 5. HP: 24/47 MP: 4/4
  1603 | D:4      | Noticed an orc warrior
  1619 | D:4      | Mangled by an orc warrior

Skill      XL: |  1  2  3  4  5 |
---------------+----------------+-----
Fighting       | 4 |  4.5
Shields        | 4 |  4.8
Armour         | 4 |  4.5
Axes           | 3 4 |  4.7
Dodging        | 1 2 |  2.0

Action                   |  1- 3 |  4- 6 || total
-------------------------+-------+-------++-------
Melee: War axe           |    70 |   117 ||   187
       Headbutt          |    10 |    23 ||    33
  Eat: Chunk             |       |     2 ||     2
Armor: Scale mail        |    43 |    39 ||    82
       Plate armour      |       |    28 ||    28
Dodge: Dodged            |    24 |    44 ||    68
Block: Shield            |    48 |    71 ||   119
